General information
- name: BNet
- type: Ladder 1vs1/FFA
- host: Battle.net
- saver: clustercluck1
map: SecretValley
- players: 2
- length: 30:14
- speed: Fast
- version: 1.22 W3XP
- replay type: Public
» download(85 KB)
Players
team 1 (winner)
clustercluck1 (
yellow | 86 APM | 2590 actions | 30:14)
7 Death Knight
3 Death Coil
3 Unholy Aura
1 Animate Dead
6 Lich
3 Frost Nova
2 Frost Armor
1 Death and Decay
» actions
| Assign group hotkey | 25 | |
| Basic commands | 3 | |
| Build / train | 94 | |
| Enter build submenu | 23 | |
| Enter hero's abilities submenu | 13 | |
| Give item / drop item | 5 | |
| Remove unit from queue | 5 | |
| Right click | 1084 | |
| Select / deselect | 273 | |
| Select group hotkey | 983 | |
| Use ability | 82 | |
2590 total
» units
| Acolyte | 16 | |
| Ghoul | 3 | |
| Crypt Fiend | 18 | |
| Frost Wyrm | 4 | |
41 total
» upgrades
| Freezing Breath | 2 | |
| Web | 1 | |
| Creature Attack | 3 | |
| Creature Carapace | 3 | |
9 total
» buildings
| Altar of Darkness | 1 | |
| Ziggurat | 11 | |
| Crypt | 1 | |
| Tomb of Relics | 1 | |
| Graveyard | 1 | |
| Halls of the Dead | 2 | |
| Spirit Tower | 6 | |
| Black Citadel | 1 | |
| Sacrificial Pit | 1 | |
| Boneyard | 1 | |
| Nerubian Tower | 1 | |
27 total
» build order
00:03 Altar of Darkness
00:04 Ziggurat
00:33 Crypt
00:59 Tomb of Relics
01:21 Graveyard
02:37 Halls of the Dead
02:56 Spirit Tower
03:54 Halls of the Dead
04:19 Ziggurat
06:17 Black Citadel
07:12 Spirit Tower
09:09 Ziggurat
09:25 Sacrificial Pit
09:51 Ziggurat
11:55 Boneyard
14:33 Spirit Tower
14:34 Spirit Tower
15:33 Ziggurat
16:23 Ziggurat
16:26 Ziggurat
16:33 Nerubian Tower
26:33 Ziggurat
26:34 Ziggurat
26:35 Ziggurat
26:35 Ziggurat
27:36 Spirit Tower
27:38 Spirit Tower
» items
| Rod of Necromancy | 1 | |
| Potion of Mana | 4 | |
| Potion of Healing | 4 | |
| Orb of Corruption | 1 | |
| Scroll of Town Portal | 3 | |
| Scroll of Healing | 1 | |
14 total
team 2 (loser)

»
icbwhy (
teal | 41 APM | 1232 actions | 30:12)
4 Demon Hunter
2 Mana Burn
2 Evasion
3 Keeper of the Grove
2 Entangling Roots
1 Thorns Aura
» actions
| Build / train | 87 | |
| ESC pressed | 2 | |
| Enter build submenu | 25 | |
| Enter hero's abilities submenu | 8 | |
| Right click | 486 | |
| Select / deselect | 535 | |
| Use ability | 89 | |
1232 total
» units
| Wisp | 17 | |
| Archer | 8 | |
| Huntress | 28 | |
| Dryad | 13 | |
| Druid of the Claw | 2 | |
68 total
» upgrades
| Strength of the Moon | 1 | |
| Abolish Magic | 1 | |
| Druid of the Claw Training | 1 | |
| Strength of the Wild | 1 | |
4 total
» buildings
| Altar of Elders | 1 | |
| Moon Well | 10 | |
| Ancient of War | 2 | |
| Hunter's Hall | 1 | |
| Ancient Protector | 4 | |
| Tree of Ages | 1 | |
| Ancient of Lore | 2 | |
| Tree of Life | 2 | |
| Tree of Eternity | 1 | |
| Ancient of Wonders | 2 | |
26 total
» build order
00:03 Altar of Elders
00:09 Moon Well
00:41 Ancient of War
01:32 Moon Well
02:28 Hunter's Hall
03:35 Moon Well
04:27 Ancient of War
04:35 Ancient Protector
07:11 Moon Well
08:11 Moon Well
08:35 Tree of Ages
11:38 Ancient of Lore
12:33 Moon Well
14:01 Tree of Life
17:38 Tree of Eternity
18:06 Ancient of Wonders
18:10 Ancient of Wonders
19:26 Moon Well
19:46 Ancient Protector
20:16 Moon Well
21:11 Moon Well
21:20 Ancient Protector
22:13 Moon Well
25:27 Ancient Protector
26:58 Ancient of Lore
29:03 Tree of Life
» items
| Scroll of Town Portal | 2 | |
| Potion of Lesser Invulnerability | 1 | |
| Orb of Venom | 1 | |
4 total
Chat log
(26:59 / All) clustercluck1: haha
(29:38 / All) icbwhy: that sucked
(29:42 / All) clustercluck1: gg man
(29:46 / All) icbwhy: gg
(29:48 / All) clustercluck1: honestly a gg :P